 Dungeon Crawl Stone Soup version 0.28.0 (webtiles) character file.

Game seed: 3433327890266244742

422 ZombieSheep the Poker (level 6, -2/79 HPs)
             Began as a Minotaur Gladiator on Feb 7, 2022.
             Was a Follower of Ru.
             Succumbed to a scorpion's poison
             ... on level 4 of the Dungeon.
             The game lasted 00:05:57 (3499 turns).

ZombieSheep the Poker (Minotaur Gladiator)          Turns: 3499, Time: 00:05:58

Health: -2/79      AC: 23    Str: 19    XL:     6   Next: 63%
Magic:  5/5        EV:  2    Int:  5    God:    Ru [*.....]
Gold:   141        SH:  0    Dex: 19    Spells: 5/5 levels left

rFire   . . .      SeeInvis .   a - +0 trident
rCold   + . .      Faith    .   (no shield)
rNeg    . . .      Spirit   .   (armour currently unavailable)
rPois   +          Reflect  .   (helmet currently unavailable)
rElec   .          Harm     .   (cloak currently unavailable)
rCorr   .          Rampage  .   (gloves currently unavailable)
Will    .....      NoTele   +   (boots currently unavailable)
Stlth   ++........              (no amulet)
HPRegen 0.23/turn               g - ring of protection from cold
MPRegen 0.09/turn               e - +6 ring of dexterity

@: lethally poisoned (-2 -> -16), tree-form
A: stationary, stasis, torment immunity, boosted hp, (horns 2), no earth magic,
no hexes magic, no summoning magic, (retaliatory headbutt)
a: Renounce Religion


You were on level 4 of the Dungeon.
You worshipped Ru.
Ru was aware of your devotion.
You were a tree.
You visited 1 branch of the dungeon, and saw 4 of its levels.

You collected 141 gold pieces.

Inventory:

Hand Weapons
 a - a +0 trident (weapon)
 q - a +2 short sword of draining
Missiles
 d - 3 throwing nets (quivered)
Armour
 b - a +0 leather armour (melded)
 c - a +1 hat (melded)
Jewellery
 e - a +6 ring of dexterity (right branch)
 g - a ring of protection from cold (left branch)
Scrolls
 j - a scroll of identify
 k - a scroll of enchant armour
Potions
 f - 4 potions of might
 i - a potion of ambrosia {unknown}
 l - a potion of brilliance {unknown}
 p - a potion of flight {unknown}
 r - a potion of attraction


   Skills:
 + Level 4.7 Fighting
 + Level 5.5 Polearms
 - Level 2.0 Throwing
 + Level 3.9 Armour
 + Level 5.0 Dodging


You had 5 spell levels left.
You didn't know any spells.
Your spell library contained the following spells:

 Spells                   Type           Power      Damage    Failure   Level
 Ozocubu's Armour         Ice            0%         N/A       85%         3
 Simulacrum               Ice/Necr       0%         N/A       100%        6
 Metabolic Englaciation   Hex/Ice        Unusable   N/A       N/A         5

Dungeon Overview and Level Annotations

Branches:
Dungeon (4/15)
 Temple: D:4-7

Altars:
Ru


Innate Abilities, Weirdness & Mutations

You are a tree.
Your roots penetrate the ground, keeping you stationary.
You cannot be teleported.
You are immune to unholy pain and torment.
Your maximum health is greatly increased.
Your equipment is partially melded.
((You have a pair of horns on your head.))
You cannot study or cast Earth magic.
You cannot study or cast Hexes magic.
You cannot study or cast Summoning magic.
((You reflexively headbutt those who attack you in melee.))


Message History

The scorpion is moderately wounded.
You feel sick. The scorpion stings you.
You are more poisoned.
The scorpion poisons you! The goblin hits you but does no damage.
You hit the scorpion but do no damage.
The scorpion is moderately wounded.
You feel very sick.
The scorpion stings you but does no damage.
The goblin barely misses you.
You are too injured to fight recklessly!
You are too injured to fight recklessly!
You closely miss the scorpion.
The scorpion is moderately wounded.
You feel very sick. The scorpion completely misses you.
The goblin barely misses you.
You hit the scorpion but do no damage.
The scorpion is moderately wounded.
You feel very sick. The scorpion barely misses you.
The goblin hits you with a +0 club. The scorpion stings you.
* * * LOW HITPOINT WARNING * * *
You are lethally poisoned!
The scorpion poisons you!
You turn into a tree.
Your +1 hat melds into your body.
Your +0 leather armour melds into your body.
Your roots penetrate the ground.
* * * LOW HITPOINT WARNING * * *
You feel very sick. The goblin hits you but does no damage.
The scorpion stings you but does no damage.
You hit the scorpion.
The scorpion is heavily wounded.
* * * LOW HITPOINT WARNING * * *
You feel very sick. The scorpion stings you!
* * * LOW HITPOINT WARNING * * *
The goblin hits you but does no damage.
You closely miss the scorpion.
The scorpion is heavily wounded.
You die...

#..#.. ## #..#.#.# # . #
#..#...#...#..##
#..#.#.#.#.#.#..##
#..#...#.#.#...#..##
..#.#.#.#.#.#.#.#..# .
.#...#...#...#...#.##..#
.[#.#.#.#.#.#.#)#g.'....
...#.#.#.#.#.#.#♣s.'.(..
..#.#.#.#.#.#.#.#..'.#..
.#...#...#...#...#.#...#
..#.#.#.#.#.#.#.#..# ...
#..#...#.#.#...#..## .
##..#.#.#.#.#.#..##
.##..#...#...#..##
..##..#.#.#.#..##
...##..#...#..##


You could see a scorpion and a goblin.

Vanquished Creatures
  An ogre (D:4)
  A water moccasin skeleton (D:4)
  A hound (D:2)
  A jelly (D:3)
  2 orc priests (D:3)
  8 adders
  2 gnolls (D:1)
  A worm (D:3)
  2 dart slugs
  3 orcs (D:3)
  4 bats
  7 endoplasms
  3 giant cockroaches
  4 hobgoblins
  2 jackals (D:3)
  4 quokkas
  4 ball pythons
  4 frilled lizards
  4 goblins
  14 kobolds
  9 rats
81 creatures vanquished.

Vanquished Creatures (others)
  A fungus (D:2)
  8 plants
9 creatures vanquished.

Grand Total: 90 creatures vanquished

Notes
Turn   | Place    | Note
-------+----------+-------------------------------------------
     0 | D:1      | ZombieSheep the Minotaur Gladiator began the quest for the
                  | Orb.
     0 | D:1      | Reached XP level 1. HP: 18/18 MP: 0/0
   324 | D:1      | Reached XP level 2. HP: 25/25 MP: 1/1
   331 | D:1      | Reached skill level 1 in Armour
   606 | D:1      | Reached XP level 3. HP: 31/31 MP: 2/2
  1272 | D:2      | Reached XP level 4. HP: 38/38 MP: 3/3
  1710 | D:2      | Found a faded altar of an unknown god.
  1771 | D:2      | Reached XP level 5. HP: 46/46 MP: 4/4
  2383 | D:2      | Prayed at the altar of an unknown god.
  2383 | D:2      | Became a worshipper of Ru the Awakened
  2385 | D:2      | Gained mutation: You cannot study or cast Earth magic. [Ru
                  | sacrifice]
  2385 | D:2      | Gained mutation: You cannot study or cast Hexes magic. [Ru
                  | sacrifice]
  2385 | D:2      | Gained mutation: You cannot study or cast Summoning magic.
                  | [Ru sacrifice]
  2385 | D:2      | Reached * piety under Ru
  2537 | D:3      | Reached skill level 5 in Polearms
  3038 | D:3      | Reached XP level 6. HP: 52/52 MP: 5/5
  3471 | D:4      | Reached skill level 5 in Dodging
  3498 | D:4      | HP: 2/79 [scorpion (7)]
  3499 | D:4      | Succumbed to a scorpion's poison

Illustrated notes

Levels and vault maps discovered:
D:1:      dpeg_arrival_simpleton_a, layout_loops_ring, serial_forest,
          infiniplex_forest_clump_curved, infiniplex_forest_fountain,
          infiniplex_forest_clump_double, infiniplex_forest_clump_long,
          infiniplex_forest_straight_2, infiniplex_forest_lined_2
D:2:      kennysheep_six_static_rooms, layout_basic, serial_co_window_serial,
          co_window_of_opportunity_a, co_window_paths_b,
          co_window_of_opportunity_a, co_window_corner_a, co_window_paths_b,
          co_window_paths_b, co_window_corner_a, co_window_2corner,
          co_window_corner_cb, co_window_of_opportunity_c, co_window_2corner,
          co_window_2corner, glass_columns_a,
          shapermc_ecumenical_altar_mp_urbaneastern, lexackson_kobold_supper
D:3:      layout_loops_ring, guppyfry_early_lair_pool
D:4:      layout_rooms, minmay_temple_entry_waves, kennysheep_cluttered_room,
          uniq_ijyb

Skill      XL: |  1  2  3  4  5  6 |
---------------+-------------------+-----
Armour         | 1 2 3 |  3.9
Polearms       | 4 5 |  5.5
Fighting       | 3 4 |  4.7
Dodging        | 4 5 |  5.0
Throwing       | |  2.0

Action                   |  1- 3 |  4- 6 || total
-------------------------+-------+-------++-------
Melee: Trident           |    74 |   137 ||   211
       Headbutt          |     6 |    25 ||    31
       Punch             |     1 |     1 ||     2
Invok: Sacrifice Arcana  |       |     1 ||     1
  Use: Scroll            |     2 |     8 ||    10
       Potion            |       |     1 ||     1
 Stab: Sleeping          |     5 |     4 ||     9
Armor: Leather armour    |    14 |    15 ||    29
       Skin              |       |     3 ||     3
Dodge: Dodged            |    24 |    56 ||    80
